cohdb
Replays
Latest Replays
All Replays
Popular Replays
Top Player Replays
Match Explorer
How It Works
Community
CoH3 Stats
Reddit
Sign in to upload your games and track your stats! →
Sign in with Steam
Match 32315124
Unlisted
Match 32315124
Overview
Messages
Build Orders
End
Kradschützen Motorcycle Team
Kradschützen Motorcycle Team
Selects Italian Infantry
Selects Italian Infantry
250 Light Carrier
Construct Light Support Kompanie
Combat Half-tracks
Advanced Field Repairs
Fire Support Elements
Assault Mechanized Group
Panzergrenadier Squad
Veteran Squad Leaders
Selects Guastatori Squad
Construct Panzerarmee Kommand
2.5-tonne Medical Truck
Selects L6/40 Light Tank Combat Group
Kradschützen Motorcycle Team
牛人
Pineapple_The_Hutt
KL1724
cornofground
TABOU
nmindiedev
gUi
Broodjies
0
0
Comments
sign in to comment!
No comments posted yet!